 Dungeon Crawl Stone Soup version 0.23.1-37-gaa34b87b72 (webtiles) character file.

Game seed: 3564973721772704602

7613 Marnok the Nimble (level 11, -1/94 HPs)
             Began as a Human Berserker on Mar 23, 2019.
             Was an Elder of Trog.
             Slain by a bullfrog (4 damage)
             ... on level 11 of the Dungeon.
             The game lasted 00:56:19 (11011 turns).

Marnok the Nimble (Human Berserker)                Turns: 11011, Time: 00:56:20

Health: -1/94      AC: 13    Str: 22    XL:     11   Next: 40%
Magic:  0/20       EV: 15    Int:  5    God:    Trog [****..]
Gold:   14         SH:  0    Dex: 12    Spells: 10/10 levels left

rFire    + . .     SeeInvis .   w - +1 rapier "Naybloc" {pain, rElec rPois}
rCold    + + .     Gourm    .   (no shield)
rNeg     . . .     Faith    .   o - +4 ring mail
rPois    +         Spirit   +   (no helmet)
rElec    +         Reflect  .   (no cloak)
rCorr    +         Harm     .   (no gloves)
MR       .....                  h - +1 pair of boots
Stlth    +++.......             s - amulet of guardian spirit
HPRegen  0.25/turn              m - ring of magical power
MPRegen  0.17/turn              (no ring)

@: resistant, berserk cooldown, starving
A: claws 1, cold resistance 1, dopey 1, robust 1
a: Berserk, Trog's Hand, Brothers in Arms, Renounce Religion


You were on level 11 of the Dungeon.
You worshipped Trog.
Trog was greatly pleased with you.
You were starving.

You visited 1 branch of the dungeon, and saw 11 of its levels.
You also visited: Bailey.

You collected 14 gold pieces.

Inventory:

Hand Weapons
 a - a +0 hand axe
 d - a +1 short sword of venom
 e - a +1 dagger of draining
 n - a +1 dagger of flaming
 p - a +0 whip of electrocution
 r - a +1 flail of holy wrath
 v - a +1 halberd of venom
 w - the +1 rapier "Naybloc" (weapon) {pain, rElec rPois}
   (You found it on level 7 of the Dungeon)

   In the hands of one skilled in necromantic magic, it inflicts extra damage on
   living creatures.
   It insulates you from electricity.
   It protects you from poison.
 y - a +2 short sword of holy wrath
Missiles
 B - 4 tomahawks (quivered)
Armour
 h - a +1 pair of boots (worn)
 o - a +4 ring mail (worn)
Jewellery
 m - a ring of magical power (left claw)
 s - an amulet of guardian spirit (around neck)
Wands
 b - a wand of random effects (10)
 g - a wand of iceblast (20)
Scrolls
 i - 2 scrolls of enchant armour
 k - 2 scrolls of identify
 u - 2 scrolls of remove curse
Potions
 l - 2 potions of might
Comestibles
 c - 8 rations


   Skills:
 + Level 8.2 Fighting
 + Level 5.9 Short Blades
 + Level 4.8(5.8) Axes
 + Level 4.9(5.9) Polearms
 + Level 7.7 Armour
 + Level 8.7 Dodging
 + Level 7.4 Stealth


You had 10 spell levels left.
You didn't know any spells.
Your spell library was empty.

Dungeon Overview and Level Annotations

Branches:
Dungeon (11/15)            Temple (0/1) D:7
   Lair: D:8-11         Orc: D:9-12

Altars:
Gozag
Nemelex Xobeh
Ru
Uskayaw
Vehumet
Wu Jian
Xom

Annotations:
D:6 1 runed translucent door, martbhell's ghost, amateur DrBe
D:7 exclusion: statue
D:8 1 runed translucent door, Maurice; Starbucks's ghost, novice BaFi


Innate Abilities, Weirdness & Mutations

You have sharp fingernails.
Your flesh is cold resistant. (rC+)
You are dopey. (Int -2)
You are robust. (+10% HP)


Message History

There is a stone staircase leading up here.
You closely miss the orc warrior. The orc warrior closely misses you.
You hit the orc warrior but do no damage.
The orc warrior hits you but does no damage.
You closely miss the orc warrior.
The orc warrior hits you with a cursed -1 short sword!
* * * LOW HITPOINT WARNING * * *
It was a potion of resistance.
You feel protected.
The bullfrog croaks.
The orc warrior barely misses you.
As you read the scroll labeled OWEUSHR ZYABITO, it crumbles to dust.
The +1 rapier "Naybloc" {pain, rElec rPois} glows brilliant lavender for a moment.
It was a scroll of random uselessness.
The orc warrior hits you with a cursed -1 short sword!
* * * LOW HITPOINT WARNING * * *
There is a stone staircase leading down here.
The bullfrog misses you. The bullfrog hits you.
You die...

########
#......#
#......#
+......#
#......#
#......#
#.@F...#
#...o..#
#..[><.#
##+#####


You could see an orc warrior (inner flame) and a bullfrog.

Vanquished Creatures
  Prince Ribbit (D:8)
  A hippogriff (D:7)
  Sigmund (D:5)
  Duvessa (D:6)
  2 ice beasts
  A sky beast (D:7)
  An orc warrior (D:6)
  A necrophage (D:7)
  4 ogres
  2 centaurs
  2 bullfrogs
  7 gnoll sergeants (Bailey)
  A scorpion (D:10)
  A water moccasin skeleton (D:6)
  Dowan (D:6)
  2 crimson imps
  A centaur zombie (D:5)
  4 hounds
  6 orc priests
  10 orc wizards
  6 gnoll shamans (Bailey)
  An iguana (D:4)
  4 worker ants
  A killer bee zombie (D:5)
  12 gnolls (Bailey)
  11 adders
  A shadow imp (D:7)
  An ooze (D:1)
  An adder skeleton (D:7)
  3 worms
  4 dart slugs
  5 leopard geckos
  26 orcs
  4 giant cockroaches
  5 goblins
  9 hobgoblins
  24 jackals
  5 quokkas
  12 bats
  5 frilled lizards
  10 kobolds
  A leopard gecko zombie (D:7)
  15 rats
  A plant (D:7)
217 creatures vanquished.

Vanquished Creatures (collateral kills)
  A black bear (D:8)
  A sky beast (D:5)
  A phantom (D:9)
  An ogre (D:9)
  A gnoll sergeant (Bailey)
  A bullfrog zombie (D:5)
  An orc priest (D:9)
  3 hounds
  An orc wizard (D:8)
  2 adders (D:9)
  2 gnolls (Bailey)
  An adder skeleton (D:9)
  3 orcs
  A jackal (D:8)
20 creatures vanquished.

Vanquished Creatures (others)
  An orc wizard (D:8)
  An orc (D:10)
2 creatures vanquished.

Grand Total: 239 creatures vanquished

Notes
Turn   | Place    | Note
-------+----------+-------------------------------------------
     0 | D:1      | Marnok the Human Berserker began the quest for the Orb.
     0 | D:1      | Reached XP level 1. HP: 18/18 MP: 1/1
   172 | D:2      | Reached XP level 2. HP: 24/24 MP: 2/2
   329 | D:1      | Reached XP level 3. HP: 24/29 MP: 3/3
   568 | D:1      | Reached ** piety under Trog
   626 | D:2      | Reached XP level 4. HP: 13/36 MP: 4/4
  1701 | D:3      | Found a sacrificial altar of Ru.
  1709 | D:3      | Reached *** piety under Trog
  1769 | D:3      | Reached XP level 5. HP: 26/42 MP: 5/5
  2952 | D:3      | HP: 2/42 [orc wizard/+0 glaive (10)]
  3133 | D:5      | Entered Level 5 of the Dungeon
  3209 | D:4      | Reached XP level 6. HP: 20/48 MP: 6/6
  4230 | D:3      | Found an opulent altar of Gozag.
  4366 | D:4      | Found a shimmering altar of Xom.
  4582 | D:5      | Reached **** piety under Trog
  4588 | D:5      | Reached skill level 1 in Short Blades
  4769 | D:6      | Noticed an orc warrior
  4779 | D:6      | Reached XP level 7. HP: 55/55 MP: 7/7
  4859 | D:6      | Reached skill level 1 in Stealth
  4915 | D:5      | Noticed Sigmund
  4925 | D:5      | Killed Sigmund
  4925 | D:5      | Reached XP level 8. HP: 61/61 MP: 8/8
  5353 | D:5      | Found a sparkling altar of Nemelex Xobeh.
  5368 | D:5      | Reached skill level 5 in Fighting
  5375 | D:5      | Found a hide-covered altar of Uskayaw.
  5375 | D:5      | Found an ornate altar of the Wu Jian Council.
  5736 | D:6      | Noticed Dowan
  5736 | D:6      | Noticed Duvessa
  5767 | D:6      | Killed Dowan
  5767 | D:6      | Received a gift from Trog
  5774 | D:6      | Killed Duvessa
  5802 | D:6      | Reached skill level 5 in Dodging
  6089 | D:7      | Noticed a hippogriff
  6120 | D:6      | Reached skill level 5 in Armour
  6120 | D:6      | Reached XP level 9. HP: 64/68 MP: 9/9
  6252 | D:6      | Found a runed translucent door.
  6252 | D:6      | Noticed martbhell's ghost (amateur DrBe)
  6960 | D:7      | Reached skill level 5 in Short Blades
  7094 | D:7      | Killed a hippogriff
  7501 | D:7      | Found an opulent altar of Gozag.
  7628 | D:8      | Noticed Prince Ribbit
  7657 | D:8      | Killed Prince Ribbit
  7715 | D:8      | Found a flagged portal.
  7747 | Bailey   | Entered a bailey
  7756 | Bailey   | Gained mutation: You have sharp fingernails. [potion of
                  | mutation]
  7756 | Bailey   | Gained mutation: Scrolls take you a little longer to read.
                  | [potion of mutation]
  7756 | Bailey   | Gained mutation: You are agile. (Dex +2) [potion of
                  | mutation]
  7756 | Bailey   | Gained mutation: You are robust. (+10% HP) [potion of
                  | mutation]
  7763 | Bailey   | Lost mutation: Scrolls take you a little longer to read.
                  | [potion of mutation]
  7763 | Bailey   | Lost mutation: You are agile. (Dex +2) [potion of mutation]
  7763 | Bailey   | Gained mutation: You are dopey. (Int -2) [potion of
                  | mutation]
  7763 | Bailey   | Gained mutation: Your flesh is cold resistant. (rC+)
                  | [potion of mutation]
  8269 | Bailey   | Reached skill level 1 in Polearms
  8599 | Bailey   | Reached XP level 10. HP: 70/84 MP: 10/10
  8985 | D:8      | Noticed Maurice
  9297 | D:8      | Found a runed translucent door.
  9302 | D:8      | Noticed Starbucks's ghost (novice BaFi)
  9890 | D:7      | Found a staircase to the Ecumenical Temple.
 10167 | D:7      | Found a radiant altar of Vehumet.
 10197 | D:7      | Got a jewelled rapier
 10199 | D:7      | Identified the +1 rapier "Naybloc" {pain, rElec rPois} (You
                  | found it on level 7 of the Dungeon)
 10203 | D:7      | Reached XP level 11. HP: 94/94 MP: 11/11
 10545 | D:10     | Entered Level 10 of the Dungeon
 11008 | D:11     | HP: 2/94 [orc warrior/cursed -1 short sword (11)]
 11011 | D:11     | Slain by a bullfrog

Skill      XL: |  1  2  3  4  5  6  7  8  9 10 |
---------------+-------------------------------+-----
Axes           | 4 |  4.8
Fighting       | 4 5 6 8 |  8.2
Dodging        | 3 4 5 6 8 |  8.7
Short Blades   | 1 3 4 5 |  5.9
Armour         | 3 5 6 7 |  7.7
Stealth        | 1 7 |  7.4
Polearms       | 1 4 |  4.9

Action                   |  1- 3 |  4- 6 |  7- 9 | 10-12 || total
-------------------------+-------+-------+-------+-------++-------
Melee: Hand axe          |    88 |   140 |       |       ||   228
       Dagger            |       |   197 |   334 |       ||   531
       Short sword       |       |       |   248 |       ||   248
       Halberd           |       |       |    51 |   159 ||   210
       Rapier            |       |       |       |    97 ||    97
Throw: Tomahawk          |       |       |     2 |    11 ||    13
Invok: Berserk           |       |     2 |    11 |     3 ||    16
       Brothers in Arms  |       |       |     4 |     3 ||     7
       Trog's Hand       |       |       |     1 |       ||     1
  Use: Potion            |     1 |     1 |    10 |     3 ||    15
       Scroll            |       |    11 |     5 |     7 ||    23
 Stab: Sleeping          |       |       |       |     1 ||     1
  Eat: Chunk             |       |    13 |    15 |     8 ||    36
       Ration            |       |       |     3 |     1 ||     4
Armor: Animal skin       |    18 |    27 |       |       ||    45
       Ring mail         |       |    74 |   311 |   120 ||   505
       Skin              |       |       |    27 |       ||    27
Dodge: Dodged            |    93 |   222 |   514 |   233 ||  1062
